 Dungeon Crawl Stone Soup version 0.19.1-1-g22dce08 (webtiles) character file.

31 ponk the Insei (level 3, 0/28 HPs)
             Began as a Draconian Transmuter on Jan 16, 2017.
             Succumbed to an adder's poison
             ... on level 1 of the Dungeon.
             The game lasted 00:03:22 (1150 turns).

ponk the Insei (Draconian Transmuter)               Turns: 1150, Time: 00:03:23

Health: 0/28       AC:  5    Str: 12    XL:     3   Next: 7%
Magic:  6/6        EV: 12    Int: 13    God:
Gold:   92         SH:  0    Dex: 12    Spells: 1 memorised, 5 levels left

rFire  . . .     SeeInvis .     e - +0 spear
rCold  . . .     Gourm    .     (armour unavailable)
rNeg   . . .     Faith    .     (no shield)
rPois  .         Spirit   .     (helmet restricted)
rElec  .         Reflect  .     (no cloak)
rCorr  .         Harm     .     (no gloves)
MR     .....                    (no boots)
Stlth  +.........               (no amulet)
                                (no ring)
                                (no ring)

@: lethally poisoned (0 -> -3)
A: unfitting armour, cold-blooded, AC +5
a: no special abilities


You were on level 1 of the Dungeon.
You were not hungry.

You visited 1 branch of the dungeon, and saw 1 of its levels.

You collected 92 gold pieces.

Inventory:

Hand Weapons
 e - a +0 spear (weapon)
Missiles
 a - 12 arrows
 h - 11 poisoned needles
Jewellery
 g - an uncursed ring of wizardry {unknown}
Scrolls
 d - a scroll of random uselessness {unknown}
 i - 2 scrolls of identify {unknown}
 m - a scroll of immolation {unknown}
Potions
 j - a potion of might {unknown}
 k - a potion of flight {unknown}
 n - a potion of lignification {unknown}
Books
 b - a book of Changes

   Spells                             Type                      Level
   a - Beastly Appendage              Transmutation                1
   b - Sticks to Snakes               Transmutation                2
   c - Spider Form                    Transmutation/Poison         3
   d - Ice Form                       Ice/Transmutation            4
   e - Blade Hands                    Transmutation                5
Comestibles
 c - a bread ration
 f - 2 meat rations


   Skills:
 + Level 1.2 Fighting
 + Level 0.6 Polearms
 + Level 2.0 Dodging
 + Level 0.2 Stealth
 + Level 3.6 Unarmed Combat
 + Level 2.2 Spellcasting
 + Level 2.1 Transmutations


You had 5 spell levels left.
You knew the following spells:

 Your Spells              Type           Power        Failure   Level  Hunger
a - Beastly Appendage     Tmut           #.....       12%         1    ##.....


Dungeon Overview and Level Annotations

Branches:
Dungeon (1/15)

Altars:


Innate Abilities, Weirdness & Mutations

Your plain brown scales are hard. (AC +5)
You cannot fit into any form of body armour.
You are cold-blooded and may be slowed by cold attacks.


Message History

* * * LOW HITPOINT WARNING * * *
The adder closely misses you.
You closely miss the adder.
The adder is moderately wounded.
The adder closely misses you.
You closely miss the adder.
The adder is moderately wounded.
The adder closely misses you. The worm misses you.
You closely miss the adder.
The adder is moderately wounded.
The adder bites you.
* * * LOW HITPOINT WARNING * * *
The adder bites you.
* * * LOW HITPOINT WARNING * * *
You are lethally poisoned!
The adder poisons you!
* * * LOW HITPOINT WARNING * * *
You feel sick. The adder closely misses you.
You die...

#..##..................
#..###..#######.#####.#
#..# #..# #.# #.# #..#
#..# #.# #.# #..# #..#
###.#####.# #..# #..#
#.........# #..# #Sw#
#.#.####### #..# #..#
#.#.#### #..###@.#
#.#....#
#....>..#####.####.#
##............# #.#
#####..##########.#
#...........#.#
##.########.#.# #(#
##.#.## #.# #.....###
#.# #........


You could see a worm and an adder.

Vanquished Creatures
  An ooze (D:1)
  A bat (D:1)
  3 goblins (D:1)
  3 hobgoblins (D:1)
  8 jackals (D:1)
  A ball python (D:1)
  4 kobolds (D:1)
  A rat (D:1)
22 creatures vanquished.

Notes
Turn   | Place    | Note
-------+----------+-------------------------------------------
     0 | D:1      | ponk the Draconian Transmuter began the quest for the Orb.
     0 | D:1      | Reached XP level 1. HP: 16/16 MP: 3/3
   254 | D:1      | Reached XP level 2. HP: 23/23 MP: 5/5
   888 | D:1      | Reached XP level 3. HP: 22/28 MP: 6/6
  1104 | D:1      | HP: 1/28 [worm (6)]
  1148 | D:1      | HP: 1/28 [poisoned by an adder]
  1150 | D:1      | Succumbed to an adder's poison

Skill      XL: |  1  2 |
---------------+-------+-----
Dodging        | 2 |  2.0
Fighting       | |  1.2
Polearms       | |  0.6
Stealth        | |  0.2
Unarmed Combat | |  3.6
Spellcasting   | |  2.2
Transmutations | |  2.1

Action                   || total
-------------------------++-------
Melee: Spear             ||   109
       Unarmed           ||    10
       Tailslap          ||    10
       Headbutt          ||     1
       Punch             ||     1
 Cast: Beastly Appendage ||     3
  Eat: Chunk             ||     1
Armor: Skin              ||    41
Dodge: Dodged            ||    74
